AoeStats
← El Filosofador

Oasis

507377050Analyzed
2v2 RM · 29d ago on Sep 17, 2026· 22m 25s· 4 players
Game mode
Random Map
Map size
Medium (4 player)
Population
200
Speed
Normal
Resources
Standard
Victory
Conquest
Starting age
Dark Age
Ending age
Imperial Age
RankedLock teamsTeams togetherTeam positionsShared explorationLock speedFull tech treeHidden civsTurbo modeCheats
Victory
Defeat
🇦🇷 Ethiopians · Argentina
1219
+15
🇦🇷 Romans · Argentina
1206
+15
vs
🇦🇷 Persians · Argentina
1209
-15
🇨🇱 Italians · Chile
1179
-15
Tirano
7:15 Loom
9:43 Feudal Age
16:08 Padded Archer Armor
22:04 Castle Age
ExE
8:42 Loom
10:50 Feudal Age
11:15 Double-Bit Axe
13:54 Wheelbarrow
15:49 Castle Age
15:45 Horse Collar
20:52 Bow Saw
22:11 Heavy Plow
Vasdev
8:11 Loom
10:09 Feudal Age
17:28 Castle Age
15:55 Double-Bit Axe
16:59 Fletching
18:02 Crossbowman
18:54 Bodkin Arrow
22:48 Padded Archer Armor
El Filosofador
5:59 Loom
10:28 Feudal Age
12:46 Double-Bit Axe
16:56 Castle Age
16:59 Horse Collar
17:13 Gold Mining
17:40 Loom
18:46 Wheelbarrow
18:56 Bow Saw
20:07 Pikeman
Connection lost

Rejoining the realm…

Still unreachable

The connection could not be restored.

Session expired

The server has moved on; the page needs a fresh start.